Flames vs Maple Leafs (R1)

Created - July 13, 2022 at 21:02

Goals
1 2 3 T
Flames 1 2 3 6
Maple Leafs 0 1 1 2
Shots
1 2 3 T
Flames 8 17 7 32
Maple Leafs 4 12 9 25

1st period

1. Flames , Sami Vatanen 1 (Tanner Pearson 2) at 2:14

Penalties :
Colin Wilson (Cal) for Roughing (Minor) at 7:48, Alexander Semin (Cal) for Holding (Minor) at 12:09, Jimmy Hayes (Cal) for Slashing (Minor) at 18:29, Evgeni Malkin (TOR) for Hooking (Minor) at 19:14

2nd period

2. Flames , Brad Marchand 1 (Patrik Berglund 3, Jimmy Hayes 2) at 9:25
3. Flames , Eric Staal 2 (David Backes 3, Alexander Semin 3) at 11:30
4. Maple Leafs , Claude Giroux 3 (Brayden Schenn 3) at 16:38 (PP)

Penalties :
Zach Werenski (TOR) for Hooking (Minor) at 11:53, Colin Wilson (Cal) for Holding (Minor) at 16:31, Jon Merrill (TOR) for Hooking (Minor) at 18:53

3rd period

5. Flames , David Backes 2 (Esa Lindell 2, Patrik Berglund 4) at 2:52
6. Flames , David Ullstrom 1 (Kyle Palmieri 2, Anders Lee 1) at 4:51
7. Maple Leafs , Brandon Saad 2 (Zach Werenski 6, JT Compher 1) at 15:33
8. Flames , David Backes 3 (Eric Staal 3, Brad Marchand 1) at 19:03

Penalties :
Brayden Schenn (TOR) for Interference (Minor) at 0:50, Erik Johnson (Cal) for Interference (Minor) at 9:41, Patrice Cormier (TOR) for Slashing (Minor) at 13:16, Jon Merrill (TOR) for Hooking (Minor) at 16:02, Sami Vatanen (Cal) for Hooking (Minor) at 19:49

Goalie Stats

Christopher Gibson (Cal), 23 saves from 25 shots - (0.920), W, 1-0-0, 60:00 minutes
John Gibson (TOR), 26 saves from 32 shots - (0.813), L, 2-2-0, 60:00 minutes

Players Stats for Flames

Player Name              G  A  P  +/- PIM S  H  SB GA TA FO     MP     PP MP  PK MP  
------------------------------------------------------------------------------------
Alexander Semin          0  1  1   3  2   3  2  2  0  0  1/2    21:32   6:38   0:56 
Anders Lee               0  1  1   1  0   1  0  1  0  1  1/4     8:45   0:00   0:41 
Brad Marchand            1  1  2   0  0   2  1  1  1  0  1/1    10:36   0:00   0:44 
Brendan Mikkelson        0  0  0   2  0   0  0  3  0  1  0/0    20:41   4:49   4:26 
Bryan Rust               0  0  0   0  0   1  1  1  0  0  0/0    14:32   0:08   3:44 
Christian Folin          0  0  0   2  0   0  1  1  1  0  0/0    15:58   0:00   2:38 
Colby Robak              0  0  0   2  0   1  1  0  0  0  0/0    15:53   0:00   2:33 
Colin Wilson             0  0  0   1  4   3  2  0  2  0  1/5     9:48   0:08   0:00 
David Backes             2  1  3   3  0   8  0  0  0  2  1/2    23:46   6:42   2:05 
David Ullstrom           1  0  1   1  0   2  1  0  0  0  0/0     7:56   0:00   0:00 
Eric Staal               1  1  2   2  0   5  4  0  0  0  11/19  19:50   3:48   2:05 
Erik Johnson             0  0  0   1  2   1  0  2  0  1  0/0    26:13   5:49   3:12 
Esa Lindell              0  1  1   2  0   0  0  1  1  0  0/0    17:24   4:49   0:45 
Jimmy Hayes              0  1  1   0  2   0  1  0  0  0  0/0     9:55   0:04   0:00 
Kyle Palmieri            0  1  1   1  0   1  1  0  0  0  0/1    11:08   3:48   0:00 
Patrik Berglund          0  2  2   2  0   1  1  0  0  2  13/29  21:03   6:50   3:43 
Sami Vatanen             1  0  1   1  2   3  2  1  0  1  0/0    23:57   5:49   0:24 
Tanner Pearson           0  1  1   1  0   0  0  0  0  0  1/1    12:44   3:48   0:00 

Players Stats for Maple Leafs

Player Name              G  A  P  +/- PIM S  H  SB GA TA FO     MP     PP MP  PK MP  
------------------------------------------------------------------------------------
Andre Burakovsky         0  0  0   0  0   2  1  1  0  1  0/1    14:35   3:06   0:00 
Beau Bennett             0  0  0  -3  0   4  0  1  0  0  0/0     8:25   0:10   0:00 
Bo Horvat                0  0  0  -4  0   0  1  2  0  0  5/10   13:04   0:11   3:32 
Brandon Saad             1  0  1   0  0   2  1  1  0  0  1/1    10:02   0:01   2:06 
Brayden Schenn           0  1  1  -3  2   3  0  0  0  0  20/33  23:49   3:42   5:14 
Braydon Coburn           0  0  0  -1  0   0  0  4  0  0  0/0    19:26   0:00   7:45 
Claude Giroux            1  0  1  -2  0   2  1  1  4  0  1/2    21:28   3:52   2:25 
Evgeni Malkin            0  0  0   0  2   0  2  0  0  0  4/10   15:00   3:05   0:21 
Hampus Lindholm          0  0  0  -2  0   1  1  0  0  1  0/0    22:50   4:04   2:55 
John Klingberg           0  0  0  -2  0   0  4  2  1  0  0/0    24:15   2:55   2:53 
Jon Merrill              0  0  0  -3  4   0  0  1  1  1  0/0    22:14   2:55   4:45 
JT Compher               0  1  1   1  0   2  1  1  0  0  0/0     6:30   0:00   0:00 
Michael Frolik           0  0  0  -2  0   4  0  1  0  0  1/3    17:14   3:43   0:00 
Mike Cammalleri          0  0  0  -3  0   0  1  1  0  0  0/0     7:46   0:00   0:00 
Patrice Cormier          0  0  0   1  2   0  1  1  1  0  1/2     8:05   0:00   1:30 
Ryan Parent              0  0  0  -1  0   2  0  1  0  1  0/0    13:13   0:00   2:59 
Scott Hartnell           0  0  0   0  0   0  3  2  0  0  1/2    20:54   3:06   6:04 
Zach Werenski            0  1  1  -1  2   3  1  1  1  1  0/0    19:10   4:04   0:00 

3 Stars

1 - David Backes (Cal)
2 - Eric Staal (Cal)
3 - Brad Marchand (Cal)

Power Play

Flames - 0 on 6 Attempt(s) - 0.00%
Maple Leafs - 1 on 6 Attempt(s) - 16.67%

Penalty Kill

Flames - 5 on 6 Attempt(s) - 83.33% - Score 0 goal in Penalty Kill
Maple Leafs - 6 on 6 Attempt(s) - 100.00% - Score 0 goal in Penalty Kill

Team Stat

Flames - Hits : 18 - Faceoff Wins : 30 - Blocked Shots : 13 - Penalty Minutes : 12
Maple Leafs - Hits : 18 - Faceoff Wins : 34 - Blocked Shots : 21 - Penalty Minutes : 12

Official

Referees : Pierre Lambert and Trevor Hanson
Linesman : Travis Gawryletz and Trent Knorr

Game Notes

No Game Note

Finance

Level 1 -- Attendance: 6000 (100.00%) -- Ticket Income $600,000
Level 2 -- Attendance: 5000 (100.00%) -- Ticket Income $300,000
Level 3 -- Attendance: 2000 (100.00%) -- Ticket Income $70,000
Level 4 -- Attendance: 4000 (100.00%) -- Ticket Income $100,000
Luxury Box -- Attendance: 1000 (100.00%) -- Ticket Income $200,000
Game was played at the Scotiabank Arena.
Total Attendance: 18000 (100.00%)
Total Ticket Income: $1,270,000
Other Income: $190,500
Total Income: $1,460,500

Flames

5 vs 5 Forward 
   Center                   Left Wing                Right Wing               Time % Phy DF OF 
 1 Eric Staal               Alexander Semin          David Backes             40     1   2  2  
 2 Patrik Berglund          Brad Marchand            Jimmy Hayes              30     1   2  2  
 3 Colin Wilson             Tanner Pearson           Bryan Rust               20     1   2  2  
 4 Anders Lee               David Ullstrom           Kyle Palmieri            10     1   2  2  

5 vs 5 Defense 
   Defense                  Defense                                           Time % Phy DF OF 
 1 Erik Johnson             Sami Vatanen                                      40     1   2  2  
 2 Esa Lindell              Brendan Mikkelson                                 31     1   2  2  
 3 Colby Robak              Christian Folin                                   22     1   2  2  
 4 Colby Robak              Christian Folin                                   7      1   2  2  

PowerPlay Forward 
   Center                   Left Wing                Right Wing               Time % Phy DF OF 
 1 Patrik Berglund          Alexander Semin          David Backes             60     1   1  3  
 2 Eric Staal               Tanner Pearson           Kyle Palmieri            40     1   2  2  

PowerPlay Defense
   Defense                  Defense                                           Time % Phy DF OF 
 1 Erik Johnson             Sami Vatanen                                      60     1   1  3  
 2 Esa Lindell              Brendan Mikkelson                                 40     1   2  2  

Penalty Kill 4 Players Forward 
   Center                   Wing                     Time % Phy DF OF 
 1 Patrik Berglund          Bryan Rust               60     1   2  2  
 2 Eric Staal               David Backes             40     1   2  2  

Penalty Kill 4 Players Defense
   Defense                  Defense                  Time % Phy DF OF 
 1 Erik Johnson             Brendan Mikkelson        60     1   2  2  
 2 Colby Robak              Christian Folin          40     1   2  2  

Penalty Kill - 3 Players Forward 
   Forward                                           Time % Phy DF OF 
 1 Eric Staal                                        60     1   2  2  
 2 Patrik Berglund                                   40     1   2  2  

Penalty Kill - 3 Players Defense
   Defense                  Defense                  Time % Phy DF OF 
 1 Erik Johnson             Brendan Mikkelson        60     1   2  2  
 2 Colby Robak              Christian Folin          40     1   2  2  

4 vs 4 Forward 
   Center                   Wing                     Time % Phy DF OF 
 1 Patrik Berglund          David Backes             60     1   2  2  
 2 Eric Staal               Alexander Semin          40     1   2  2  

4 vs 4 Defense
   Defense                  Defense                  Time % Phy DF OF 
 1 Erik Johnson             Sami Vatanen             60     1   2  2  
 2 Esa Lindell              Brendan Mikkelson        40     1   2  2  

Last Minutes Offensive
   Center                   Left Wing                Right Wing               Defense                  Defense                  
   Eric Staal               Alexander Semin          David Backes             Erik Johnson             Sami Vatanen             

Last Minutes Defensive
   Center                   Left Wing                Right Wing               Defense                  Defense                  
   Eric Staal               Alexander Semin          David Backes             Erik Johnson             Brendan Mikkelson        

Goaltenders
Starting : Christopher Gibson       
Backup : Henrik Lundqvist         

Extra Forwards
Normal : Alexander Semin, Bryan Rust, Colin Wilson - PP : Tanner Pearson, Colin Wilson - PK : Alexander Semin
Extra Defensemen
Normal : Esa Lindell, Christian Folin, Brendan Mikkelson - PP : Esa Lindell - PK : Christian Folin, Brendan Mikkelson
Penalty Shots
Eric Staal, Alexander Semin, Tanner Pearson, Patrik Berglund, David Backes

Scratches
David Savard (Healthy), Tyler Shattock (Healthy), Vladimir Sobotka (Healthy)

Maple Leafs

5 vs 5 Forward 
   Center                   Left Wing                Right Wing               Time % Phy DF OF 
 1 Brayden Schenn           Claude Giroux            Michael Frolik           40     1   2  2  
 2 Evgeni Malkin            Scott Hartnell           Andre Burakovsky         30     1   2  2  
 3 Bo Horvat                Mike Cammalleri          Beau Bennett             20     1   2  2  
 4 Patrice Cormier          Brandon Saad             JT Compher               10     1   2  2  

5 vs 5 Defense 
   Defense                  Defense                                           Time % Phy DF OF 
 1 John Klingberg           Zach Werenski                                     40     1   2  2  
 2 Hampus Lindholm          Jon Merrill                                       30     1   2  2  
 3 Ryan Parent              Braydon Coburn                                    20     1   2  2  
 4 Hampus Lindholm          John Klingberg                                    10     1   2  2  

PowerPlay Forward 
   Center                   Left Wing                Right Wing               Time % Phy DF OF 
 1 Brayden Schenn           Claude Giroux            Michael Frolik           60     1   2  2  
 2 Evgeni Malkin            Scott Hartnell           Andre Burakovsky         40     1   2  2  

PowerPlay Defense
   Defense                  Defense                                           Time % Phy DF OF 
 1 Hampus Lindholm          Zach Werenski                                     60     1   2  2  
 2 Jon Merrill              John Klingberg                                    40     1   2  2  

Penalty Kill 4 Players Forward 
   Center                   Wing                     Time % Phy DF OF 
 1 Brayden Schenn           Scott Hartnell           60     1   2  2  
 2 Patrice Cormier          Claude Giroux            40     1   2  2  

Penalty Kill 4 Players Defense
   Defense                  Defense                  Time % Phy DF OF 
 1 Jon Merrill              Braydon Coburn           60     1   2  2  
 2 Hampus Lindholm          John Klingberg           40     1   2  2  

Penalty Kill - 3 Players Forward 
   Forward                                           Time % Phy DF OF 
 1 Patrice Cormier                                   60     1   2  2  
 2 Brayden Schenn                                    40     1   2  2  

Penalty Kill - 3 Players Defense
   Defense                  Defense                  Time % Phy DF OF 
 1 Braydon Coburn           Jon Merrill              60     1   2  2  
 2 Hampus Lindholm          John Klingberg           40     1   2  2  

4 vs 4 Forward 
   Center                   Wing                     Time % Phy DF OF 
 1 Brayden Schenn           Claude Giroux            60     1   2  2  
 2 Evgeni Malkin            Andre Burakovsky         40     1   2  2  

4 vs 4 Defense
   Defense                  Defense                  Time % Phy DF OF 
 1 Hampus Lindholm          John Klingberg           60     1   2  2  
 2 Jon Merrill              Braydon Coburn           40     1   2  2  

Last Minutes Offensive
   Center                   Left Wing                Right Wing               Defense                  Defense                  
   Evgeni Malkin            Claude Giroux            Andre Burakovsky         Hampus Lindholm          John Klingberg           

Last Minutes Defensive
   Center                   Left Wing                Right Wing               Defense                  Defense                  
   Brayden Schenn           Claude Giroux            Andre Burakovsky         Braydon Coburn           Jon Merrill              

Goaltenders
Starting : John Gibson              
Backup : Martin Jones             

Extra Forwards
Normal : Scott Hartnell, Bo Horvat, Claude Giroux - PP : Scott Hartnell, Bo Horvat - PK : Scott Hartnell
Extra Defensemen
Normal : Hampus Lindholm, Braydon Coburn, Zach Werenski - PP : Braydon Coburn - PK : Braydon Coburn, Ryan Parent
Penalty Shots
Claude Giroux, Andre Burakovsky, Scott Hartnell, Michael Frolik, Evgeni Malkin

Scratches
Pontus Aberg (Healthy)

% Time on Ice - Flames

Lines # - Real PCT - Wanted PCT - Time Play
Normal Forward
1 - 35% - 40% - 14:23
2 - 24% - 30% - 9:59
3 - 22% - 20% - 8:51
4 - 19% - 10% - 7:56
Normal Defense
1 - 41% - 40% - 16:48
2 - 30% - 31% - 12:11
3 - 26% - 22% - 10:40
4 - 4% - 7% - 1:30
PP Forward
1 - 64% - 60% - 6:50
2 - 36% - 40% - 3:48
PP Defense
1 - 55% - 60% - 5:49
2 - 45% - 40% - 4:49
PK Forward
1 - 70% - 60% - 4:54
2 - 30% - 40% - 2:05
PK Defense
1 - 74% - 60% - 5:11
2 - 26% - 40% - 1:48
PK3 Forward
1 - 0% - 60%
2 - 0% - 40%
PK3 Defense
1 - 0% - 60%
2 - 0% - 40%
44 Forward
1 - 91% - 60% - 1:07
2 - 9% - 40% - 0:07
44 Defense
1 - 100% - 60% - 1:14
2 - 0% - 40% - 0:00
Last Minute Offensive  - 0:00
Last Minute Defensive  - 0:00
Total
Forward - 60:00
Defense - 60:00

% Time on Ice - Maple Leafs

Lines # - Real PCT - Wanted PCT - Time Play
Normal Forward
1 - 38% - 40% - 15:28
2 - 28% - 30% - 11:25
3 - 19% - 20% - 7:46
4 - 16% - 10% - 6:30
Normal Defense
1 - 43% - 40% - 17:38
2 - 31% - 30% - 12:36
3 - 21% - 20% - 8:31
4 - 6% - 10% - 2:24
PP Forward
1 - 56% - 60% - 3:53
2 - 44% - 40% - 3:06
PP Defense
1 - 58% - 60% - 4:04
2 - 42% - 40% - 2:55
PK Forward
1 - 78% - 60% - 8:14
2 - 22% - 40% - 2:22
PK Defense
1 - 75% - 60% - 7:54
2 - 25% - 40% - 2:42
PK3 Forward
1 - 100% - 60% - 0:02
2 - 0% - 40% - 0:00
PK3 Defense
1 - 100% - 60% - 0:02
2 - 0% - 40% - 0:00
44 Forward
1 - 86% - 60% - 1:04
2 - 14% - 40% - 0:10
44 Defense
1 - 86% - 60% - 1:04
2 - 14% - 40% - 0:10
Last Minute Offensive  - 0:00
Last Minute Defensive  - 0:00
Total
Forward - 60:00
Defense - 60:00

Play-by-Play

1st period


0:01 of 1st period - Brayden Schenn wins face-off versus Eric Staal in neutral zone.
0:14 of 1st period - Wrist shot by David Backes.
0:14 of 1st period - Shot Blocked by John Klingberg.
0:16 of 1st period - Slapshot by Erik Johnson.
0:16 of 1st period - Deflect By Alexander Semin.
0:16 of 1st period - Shot Misses the Net.
0:16 of 1st period - Puck is out of play.
0:17 of 1st period - Patrik Berglund wins face-off versus Evgeni Malkin in Maple Leafs zone.
0:32 of 1st period - Snap shot by Brad Marchand.
0:32 of 1st period - Stopped by John Gibson without a rebound.
0:33 of 1st period - Bo Horvat wins face-off versus Colin Wilson in Maple Leafs zone.
0:33 of 1st period - Bo Horvat is hit by Colin Wilson.
0:59 of 1st period - Christian Folin is hit by JT Compher and loses puck.
1:20 of 1st period - Slapshot by John Klingberg.
1:20 of 1st period - Shot Blocked by Erik Johnson.
1:28 of 1st period - Eric Staal is hit by Claude Giroux.
2:03 of 1st period - Off-side.
2:04 of 1st period - Bo Horvat wins face-off versus Colin Wilson in neutral zone.
2:12 of 1st period - Slapshot by Sami Vatanen.
2:12 of 1st period - Shot Blocked by Jon Merrill.
2:14 of 1st period - Wrist shot by Sami Vatanen.
2:14 of 1st period - Deflect By Jon Merrill.
2:14 of 1st period - Goal by Sami Vatanen - Flames : 1 - Maple Leafs : 0.
2:15 of 1st period - Brayden Schenn wins face-off versus Eric Staal in neutral zone.
2:28 of 1st period - Sami Vatanen is hit by Hampus Lindholm and loses puck.
3:06 of 1st period - Off-side.
3:07 of 1st period - Brayden Schenn wins face-off versus Anders Lee in neutral zone.
3:34 of 1st period - Eric Staal is hit by Evgeni Malkin and loses puck.
3:57 of 1st period - Snap shot by Hampus Lindholm.
3:57 of 1st period - Shot Blocked by Christian Folin.
4:44 of 1st period - Snap shot by Zach Werenski.
4:44 of 1st period - Shot Blocked by Alexander Semin.
4:46 of 1st period - Slapshot by Zach Werenski.
4:46 of 1st period - Stopped by Christopher Gibson without a rebound.
4:47 of 1st period - Eric Staal wins face-off versus Brayden Schenn in Flames zone.
5:12 of 1st period - Erik Johnson is hit by Scott Hartnell and loses puck.
6:20 of 1st period - Tanner Pearson is hit by Scott Hartnell and loses puck.
7:29 of 1st period - Christian Folin is hit by Bo Horvat and loses puck.
7:48 of 1st period - Minor Penalty to Colin Wilson for Roughing.
7:49 of 1st period - Claude Giroux wins face-off versus Patrik Berglund in Flames zone.
8:02 of 1st period - Wrist shot by Brayden Schenn.
8:02 of 1st period - Stopped by Christopher Gibson with a rebound.
8:04 of 1st period - Slapshot by Zach Werenski.
8:04 of 1st period - Shot Blocked by Brendan Mikkelson.
8:06 of 1st period - Wrist shot by Claude Giroux.
8:06 of 1st period - Shot Misses the Net.
9:48 of 1st period - Penalty to Colin Wilson is over, Colin Wilson is back on ice.
9:52 of 1st period - Wrist shot by Beau Bennett.
9:52 of 1st period - Stopped by Christopher Gibson with a rebound.
9:54 of 1st period - Backhand shot by Jon Merrill.
9:54 of 1st period - Shot Misses the Net.
9:56 of 1st period - Slapshot by Ryan Parent.
9:56 of 1st period - Shot Misses the Net.
10:41 of 1st period - Wrist shot by Eric Staal.
10:41 of 1st period - Shot Blocked by Beau Bennett.
11:55 of 1st period - Brandon Saad is hit by Alexander Semin.
12:09 of 1st period - Minor Penalty to Alexander Semin for Holding.
12:10 of 1st period - Brayden Schenn wins face-off versus Patrik Berglund in Flames zone.
12:37 of 1st period - John Klingberg is hit by Eric Staal and loses puck.
13:11 of 1st period - Christian Folin is hit by Zach Werenski and loses puck.
14:09 of 1st period - Penalty to Alexander Semin is over, Alexander Semin is back on ice.
14:39 of 1st period - Zach Werenski is hit by Colin Wilson and loses puck.
15:35 of 1st period - Patrice Cormier is hit by Christian Folin and loses puck.
15:40 of 1st period - Wrist shot by Colin Wilson.
15:40 of 1st period - Stopped by John Gibson without a rebound.
15:41 of 1st period - Eric Staal wins face-off versus Brayden Schenn in Maple Leafs zone.
15:52 of 1st period - Braydon Coburn is hit by Eric Staal and loses puck.
17:01 of 1st period - Slapshot by Anders Lee.
17:01 of 1st period - Stopped by John Gibson without a rebound.
17:02 of 1st period - Evgeni Malkin wins face-off versus Eric Staal in Maple Leafs zone.
17:30 of 1st period - Wrist shot by Patrik Berglund.
17:30 of 1st period - Shot Blocked by Claude Giroux.
17:32 of 1st period - Slapshot by Colby Robak.
17:32 of 1st period - Stopped by John Gibson without a rebound.
17:33 of 1st period - Brayden Schenn wins face-off versus Patrik Berglund in Maple Leafs zone.
17:37 of 1st period - Off-side.
17:38 of 1st period - Brayden Schenn wins face-off versus Patrik Berglund in neutral zone.
17:47 of 1st period - Wrist shot by Michael Frolik.
17:47 of 1st period - Shot Misses the Net.
18:07 of 1st period - Backhand shot by Eric Staal.
18:07 of 1st period - Stopped by John Gibson without a rebound.
18:08 of 1st period - Eric Staal wins face-off versus Scott Hartnell in Maple Leafs zone.
18:11 of 1st period - Snap shot by Alexander Semin.
18:11 of 1st period - Shot Misses the Net.
18:25 of 1st period - Wrist shot by Andre Burakovsky.
18:25 of 1st period - Stopped by Christopher Gibson without a rebound.
18:26 of 1st period - Patrik Berglund wins face-off versus Brayden Schenn in Flames zone.
18:26 of 1st period - Patrik Berglund is hit by John Klingberg.
18:29 of 1st period - Minor Penalty to Jimmy Hayes for Slashing.
18:30 of 1st period - Brayden Schenn wins face-off versus Patrik Berglund in Flames zone.
18:44 of 1st period - Slapshot by Hampus Lindholm.
18:44 of 1st period - Shot Misses the Net.
19:04 of 1st period - Snap shot by Eric Staal.
19:04 of 1st period - Stopped by John Gibson without a rebound.
19:05 of 1st period - Eric Staal wins face-off versus Evgeni Malkin in Maple Leafs zone.
19:10 of 1st period - Wrist shot by David Backes.
19:10 of 1st period - Stopped by John Gibson without a rebound.
19:11 of 1st period - Evgeni Malkin wins face-off versus Patrik Berglund in Maple Leafs zone.
19:11 of 1st period - Evgeni Malkin is hit by Patrik Berglund.
19:14 of 1st period - Minor Penalty to Evgeni Malkin for Hooking.
19:15 of 1st period - Brayden Schenn wins face-off versus Patrik Berglund in Maple Leafs zone.
Goals for this period are 1 for Flames vs 0 for Maple Leafs.
Shots for this period are 8 for Flames vs 4 for Maple Leafs.

2nd period


0:01 of 2nd period - Patrik Berglund wins face-off versus Brayden Schenn in neutral zone.
0:12 of 2nd period - Wrist shot by Patrik Berglund.
0:12 of 2nd period - Shot Misses the Net.
0:14 of 2nd period - Slapshot by Sami Vatanen.
0:14 of 2nd period - Shot Blocked by John Klingberg.
0:29 of 2nd period - Penalty to Jimmy Hayes is over, Jimmy Hayes is back on ice.
0:40 of 2nd period - Snap shot by Erik Johnson.
0:40 of 2nd period - Stopped by John Gibson without a rebound.
0:41 of 2nd period - Eric Staal wins face-off versus Bo Horvat in Maple Leafs zone.
0:42 of 2nd period - Wrist shot by Esa Lindell.
0:42 of 2nd period - Shot Misses the Net.
0:58 of 2nd period - Snap shot by Eric Staal.
0:58 of 2nd period - Stopped by John Gibson without a rebound.
0:59 of 2nd period - Brayden Schenn wins face-off versus Patrik Berglund in Maple Leafs zone.
1:14 of 2nd period - Penalty to Evgeni Malkin is over, Evgeni Malkin is back on ice.
1:28 of 2nd period - Wrist shot by Colin Wilson.
1:28 of 2nd period - Stopped by John Gibson without a rebound.
1:29 of 2nd period - Bo Horvat wins face-off versus Eric Staal in Maple Leafs zone.
1:34 of 2nd period - Wrist shot by David Backes.
1:34 of 2nd period - Stopped by John Gibson without a rebound.
1:35 of 2nd period - Eric Staal wins face-off versus Bo Horvat in Maple Leafs zone.
1:36 of 2nd period - Wrist shot by David Backes.
1:36 of 2nd period - Shot Blocked by Bo Horvat.
1:44 of 2nd period - Backhand shot by David Backes.
1:44 of 2nd period - Shot Misses the Net.
1:46 of 2nd period - Slapshot by Erik Johnson.
1:46 of 2nd period - Shot Blocked by Bo Horvat.
1:48 of 2nd period - Slapshot by Erik Johnson.
1:48 of 2nd period - Shot Misses the Net.
1:50 of 2nd period - Snap shot by Sami Vatanen.
1:50 of 2nd period - Shot Misses the Net.
1:52 of 2nd period - Slapshot by Eric Staal.
1:52 of 2nd period - Shot Misses the Net.
2:51 of 2nd period - Slapshot by Zach Werenski.
2:51 of 2nd period - Stopped by Christopher Gibson without a rebound.
2:52 of 2nd period - Eric Staal wins face-off versus Patrice Cormier in Flames zone.
3:11 of 2nd period - Wrist shot by David Backes.
3:11 of 2nd period - Shot Blocked by JT Compher.
3:13 of 2nd period - Snap shot by Eric Staal.
3:13 of 2nd period - Stopped by John Gibson with a rebound.
3:17 of 2nd period - Backhand shot by David Backes.
3:17 of 2nd period - Shot Misses the Net.
3:33 of 2nd period - Wrist shot by David Backes.
3:33 of 2nd period - Shot Misses the Net.
3:35 of 2nd period - Slapshot by Erik Johnson.
3:35 of 2nd period - Shot Blocked by Patrice Cormier.
3:45 of 2nd period - Slapshot by Hampus Lindholm.
3:45 of 2nd period - Deflect By JT Compher.
3:45 of 2nd period - Stopped by Christopher Gibson without a rebound.
3:46 of 2nd period - Patrik Berglund wins face-off versus Michael Frolik in Flames zone.
4:00 of 2nd period - Claude Giroux is hit by Colby Robak and loses puck.
4:46 of 2nd period - Slapshot by Zach Werenski.
4:46 of 2nd period - Stopped by Christopher Gibson without a rebound.
4:47 of 2nd period - Brayden Schenn wins face-off versus Patrik Berglund in Flames zone.
4:48 of 2nd period - Wrist shot by Michael Frolik.
4:48 of 2nd period - Stopped by Christopher Gibson with a rebound.
4:51 of 2nd period - Icing by Jimmy Hayes.
4:52 of 2nd period - Brayden Schenn wins face-off versus Patrik Berglund in Flames zone.
5:08 of 2nd period - Slapshot by Sami Vatanen.
5:08 of 2nd period - Stopped by John Gibson with a rebound.
5:30 of 2nd period - Wrist shot by Michael Frolik.
5:30 of 2nd period - Stopped by Christopher Gibson with a rebound.
5:33 of 2nd period - Icing by Erik Johnson.
5:34 of 2nd period - Evgeni Malkin wins face-off versus Colin Wilson in Flames zone.
5:57 of 2nd period - Wrist shot by Tanner Pearson.
5:57 of 2nd period - Shot Blocked by Scott Hartnell.
6:05 of 2nd period - Slapshot by Bryan Rust.
6:05 of 2nd period - Stopped by John Gibson with a rebound.
6:07 of 2nd period - Snap shot by Colin Wilson.
6:07 of 2nd period - Shot Misses the Net.
6:09 of 2nd period - Snap shot by Bryan Rust.
6:09 of 2nd period - Shot Misses the Net.
6:11 of 2nd period - Slapshot by Erik Johnson.
6:11 of 2nd period - Shot Blocked by Scott Hartnell.
6:25 of 2nd period - Wrist shot by Evgeni Malkin.
6:25 of 2nd period - Shot Blocked by Sami Vatanen.
6:57 of 2nd period - Erik Johnson is hit by John Klingberg and loses puck.
7:24 of 2nd period - Slapshot by Bryan Rust.
7:24 of 2nd period - Deflect By Colin Wilson.
7:24 of 2nd period - Shot Misses the Net.
7:24 of 2nd period - Puck is out of play.
7:25 of 2nd period - Eric Staal wins face-off versus Brayden Schenn in Maple Leafs zone.
7:33 of 2nd period - Off-side.
7:34 of 2nd period - Eric Staal wins face-off versus Brayden Schenn in neutral zone.
7:49 of 2nd period - Slapshot by Michael Frolik.
7:49 of 2nd period - Shot Blocked by Brendan Mikkelson.
7:59 of 2nd period - Slapshot by Claude Giroux.
7:59 of 2nd period - Shot Blocked by Esa Lindell.
8:01 of 2nd period - Snap shot by Claude Giroux.
8:01 of 2nd period - Shot Blocked by Alexander Semin.
8:28 of 2nd period - Wrist shot by Brayden Schenn.
8:28 of 2nd period - Stopped by Christopher Gibson with a rebound.
8:30 of 2nd period - Wrist shot by Michael Frolik.
8:30 of 2nd period - Shot Blocked by Brendan Mikkelson.
8:32 of 2nd period - Backhand shot by Michael Frolik.
8:32 of 2nd period - Stopped by Christopher Gibson without a rebound.
8:33 of 2nd period - Bo Horvat wins face-off versus Patrik Berglund in Flames zone.
8:44 of 2nd period - Snap shot by Beau Bennett.
8:44 of 2nd period - Stopped by Christopher Gibson with a rebound.
8:46 of 2nd period - Slapshot by Ryan Parent.
8:46 of 2nd period - Shot Blocked by Brad Marchand.
9:00 of 2nd period - Patrice Cormier is hit by David Ullstrom and loses puck.
9:09 of 2nd period - Wrist shot by Kyle Palmieri.
9:09 of 2nd period - Stopped by John Gibson without a rebound.
9:10 of 2nd period - Patrik Berglund wins face-off versus Bo Horvat in Maple Leafs zone.
9:11 of 2nd period - Wrist shot by Brad Marchand.
9:11 of 2nd period - Deflect By Patrik Berglund.
9:11 of 2nd period - Shot Misses the Net.
9:11 of 2nd period - Puck is out of play.
9:12 of 2nd period - Patrik Berglund wins face-off versus Bo Horvat in Maple Leafs zone.
9:25 of 2nd period - Slapshot by Brad Marchand.
9:25 of 2nd period - Goal by Brad Marchand - Flames : 2 - Maple Leafs : 0.
9:26 of 2nd period - David Backes wins face-off versus Brayden Schenn in neutral zone.
9:29 of 2nd period - Wrist shot by Alexander Semin.
9:29 of 2nd period - Shot Misses the Net.
9:52 of 2nd period - Icing by Eric Staal.
9:53 of 2nd period - Patrik Berglund wins face-off versus Evgeni Malkin in Flames zone.
9:53 of 2nd period - Patrik Berglund is hit by Scott Hartnell.
10:03 of 2nd period - Hampus Lindholm is hit by Brad Marchand and loses puck.
10:09 of 2nd period - Off-side.
10:10 of 2nd period - Brayden Schenn wins face-off versus Eric Staal in neutral zone.
11:08 of 2nd period - Wrist shot by David Backes.
11:08 of 2nd period - Shot Blocked by Mike Cammalleri.
11:10 of 2nd period - Slapshot by Sami Vatanen.
11:10 of 2nd period - Deflect By Jon Merrill.
11:10 of 2nd period - Stopped by John Gibson with a rebound.
11:12 of 2nd period - Snap shot by Alexander Semin.
11:12 of 2nd period - Stopped by John Gibson with a rebound.
11:30 of 2nd period - Snap shot by Eric Staal.
11:30 of 2nd period - Goal by Eric Staal - Flames : 3 - Maple Leafs : 0.
11:31 of 2nd period - Patrik Berglund wins face-off versus Michael Frolik in neutral zone.
11:36 of 2nd period - Snap shot by Brad Marchand.
11:36 of 2nd period - Shot Misses the Net.
11:38 of 2nd period - Snap shot by Patrik Berglund.
11:38 of 2nd period - Stopped by John Gibson with a rebound.
11:47 of 2nd period - Snap shot by Patrik Berglund.
11:47 of 2nd period - Shot Misses the Net.
11:53 of 2nd period - Minor Penalty to Zach Werenski for Hooking.
11:54 of 2nd period - Brayden Schenn wins face-off versus Patrik Berglund in Maple Leafs zone.
12:07 of 2nd period - Wrist shot by Brayden Schenn.
12:07 of 2nd period - Shot Misses the Net.
13:03 of 2nd period - Eric Staal is hit by Patrice Cormier and loses puck.
13:53 of 2nd period - Penalty to Zach Werenski is over, Zach Werenski is back on ice.
14:27 of 2nd period - Wrist shot by Colin Wilson.
14:27 of 2nd period - Shot Blocked by Brandon Saad.
14:29 of 2nd period - Wrist shot by Brad Marchand.
14:29 of 2nd period - Shot Misses the Net.
15:02 of 2nd period - Christian Folin is hit by Andre Burakovsky and loses puck.
16:22 of 2nd period - Slapshot by Brandon Saad.
16:22 of 2nd period - Stopped by Christopher Gibson without a rebound.
16:23 of 2nd period - Brayden Schenn wins face-off versus Colin Wilson in Flames zone.
16:28 of 2nd period - Wrist shot by Claude Giroux.
16:28 of 2nd period - Deflect By Brayden Schenn.
16:28 of 2nd period - Stopped by Christopher Gibson without a rebound.
16:29 of 2nd period - Colin Wilson wins face-off versus Brayden Schenn in Flames zone.
16:31 of 2nd period - Minor Penalty to Colin Wilson for Holding.
16:32 of 2nd period - Brayden Schenn wins face-off versus Patrik Berglund in Flames zone.
16:38 of 2nd period - Wrist shot by Claude Giroux.
16:38 of 2nd period - Goal by Claude Giroux - Flames : 3 - Maple Leafs : 1.
16:39 of 2nd period - Brayden Schenn wins face-off versus Eric Staal in neutral zone.
16:50 of 2nd period - Icing by Braydon Coburn.
16:51 of 2nd period - Michael Frolik wins face-off versus Eric Staal in Maple Leafs zone.
17:30 of 2nd period - Snap shot by Alexander Semin.
17:30 of 2nd period - Stopped by John Gibson without a rebound.
17:31 of 2nd period - Brad Marchand wins face-off versus Evgeni Malkin in Maple Leafs zone.
17:34 of 2nd period - Snap shot by Jimmy Hayes.
17:34 of 2nd period - Shot Blocked by Andre Burakovsky.
18:02 of 2nd period - Snap shot by Beau Bennett.
18:02 of 2nd period - Shot Misses the Net.
18:04 of 2nd period - Slapshot by Bo Horvat.
18:04 of 2nd period - Shot Blocked by Anders Lee.
18:15 of 2nd period - Icing by Esa Lindell.
18:16 of 2nd period - Brandon Saad wins face-off versus Anders Lee in Flames zone.
18:21 of 2nd period - Wrist shot by Claude Giroux.
18:21 of 2nd period - Stopped by Christopher Gibson with a rebound.
18:51 of 2nd period - Snap shot by David Backes.
18:51 of 2nd period - Stopped by John Gibson with a rebound.
18:53 of 2nd period - Minor Penalty to Jon Merrill for Hooking.
18:54 of 2nd period - Alexander Semin wins face-off versus Brayden Schenn in Maple Leafs zone.
18:57 of 2nd period - Snap shot by Alexander Semin.
18:57 of 2nd period - Stopped by John Gibson with a rebound.
18:59 of 2nd period - Slapshot by Sami Vatanen.
18:59 of 2nd period - Shot Blocked by Ryan Parent.
19:01 of 2nd period - Snap shot by David Backes.
19:01 of 2nd period - Stopped by John Gibson without a rebound.
19:02 of 2nd period - Brayden Schenn wins face-off versus Patrik Berglund in Maple Leafs zone.
Goals for this period are 2 for Flames vs 1 for Maple Leafs.
Shots for this period are 17 for Flames vs 12 for Maple Leafs.

3rd period


0:01 of 3rd period - Brayden Schenn wins face-off versus David Backes in neutral zone.
0:36 of 3rd period - Snap shot by Tanner Pearson.
0:36 of 3rd period - Shot Misses the Net.
0:50 of 3rd period - Minor Penalty to Brayden Schenn for Interference.
0:51 of 3rd period - Patrice Cormier wins face-off versus Patrik Berglund in Maple Leafs zone.
0:53 of 3rd period - Penalty to Jon Merrill is over, Jon Merrill is back on ice.
1:54 of 3rd period - Slapshot by Esa Lindell.
1:54 of 3rd period - Shot Blocked by Braydon Coburn.
2:10 of 3rd period - Slapshot by David Backes.
2:10 of 3rd period - Shot Misses the Net.
2:12 of 3rd period - Slapshot by Patrik Berglund.
2:12 of 3rd period - Shot Blocked by Braydon Coburn.
2:14 of 3rd period - Wrist shot by Patrik Berglund.
2:14 of 3rd period - Shot Misses the Net.
2:26 of 3rd period - Snap shot by David Backes.
2:26 of 3rd period - Shot Blocked by Braydon Coburn.
2:28 of 3rd period - Slapshot by Esa Lindell.
2:28 of 3rd period - Shot Misses the Net.
2:40 of 3rd period - Snap shot by David Backes.
2:40 of 3rd period - Stopped by John Gibson with a rebound.
2:42 of 3rd period - Snap shot by Alexander Semin.
2:42 of 3rd period - Shot Misses the Net.
2:50 of 3rd period - Penalty to Brayden Schenn is over, Brayden Schenn is back on ice.
2:50 of 3rd period - Snap shot by Patrik Berglund.
2:50 of 3rd period - Shot Misses the Net.
2:52 of 3rd period - Slapshot by Esa Lindell.
2:52 of 3rd period - Deflect By David Backes.
2:52 of 3rd period - Goal by David Backes - Flames : 4 - Maple Leafs : 1.
2:53 of 3rd period - Tanner Pearson wins face-off versus Claude Giroux in neutral zone.
2:56 of 3rd period - Michael Frolik is hit by Sami Vatanen and loses puck.
3:02 of 3rd period - John Klingberg is hit by Sami Vatanen and loses puck.
3:19 of 3rd period - Colin Wilson is hit by John Klingberg and loses puck.
3:46 of 3rd period - Slapshot by Colin Wilson.
3:46 of 3rd period - Stopped by John Gibson without a rebound.
3:47 of 3rd period - Brayden Schenn wins face-off versus Kyle Palmieri in Maple Leafs zone.
3:52 of 3rd period - Slapshot by Hampus Lindholm.
3:52 of 3rd period - Shot Misses the Net.
3:54 of 3rd period - Wrist shot by Hampus Lindholm.
3:54 of 3rd period - Deflect By David Ullstrom.
3:54 of 3rd period - Stopped by Christopher Gibson without a rebound.
3:55 of 3rd period - Anders Lee wins face-off versus Brayden Schenn in Flames zone.
4:05 of 3rd period - Snap shot by David Ullstrom.
4:05 of 3rd period - Shot Blocked by Braydon Coburn.
4:07 of 3rd period - Snap shot by David Ullstrom.
4:07 of 3rd period - Stopped by John Gibson with a rebound.
4:09 of 3rd period - Slapshot by David Ullstrom.
4:09 of 3rd period - Shot Blocked by Michael Frolik.
4:43 of 3rd period - Snap shot by Michael Frolik.
4:43 of 3rd period - Stopped by Christopher Gibson with a rebound.
4:51 of 3rd period - Wrist shot by David Ullstrom.
4:51 of 3rd period - Goal by David Ullstrom - Flames : 5 - Maple Leafs : 1.
4:52 of 3rd period - Eric Staal wins face-off versus Evgeni Malkin in neutral zone.
4:55 of 3rd period - Snap shot by Sami Vatanen.
4:55 of 3rd period - Shot Blocked by Zach Werenski.
5:07 of 3rd period - Erik Johnson is hit by John Klingberg and loses puck.
5:18 of 3rd period - Alexander Semin is hit by Brandon Saad and loses puck.
5:29 of 3rd period - Wrist shot by David Backes.
5:29 of 3rd period - Shot Misses the Net.
5:43 of 3rd period - Slapshot by David Backes.
5:43 of 3rd period - Stopped by John Gibson without a rebound.
5:44 of 3rd period - Brayden Schenn wins face-off versus Patrik Berglund in Maple Leafs zone.
6:01 of 3rd period - Hampus Lindholm is hit by Jimmy Hayes and loses puck.
6:27 of 3rd period - Wrist shot by Michael Frolik.
6:27 of 3rd period - Shot Misses the Net.
6:29 of 3rd period - Slapshot by Jon Merrill.
6:29 of 3rd period - Deflect By Michael Frolik.
6:29 of 3rd period - Shot Misses the Net.
6:29 of 3rd period - Puck is out of play.
6:30 of 3rd period - Patrik Berglund wins face-off versus Evgeni Malkin in Flames zone.
6:57 of 3rd period - David Backes is hit by Mike Cammalleri and loses puck.
7:02 of 3rd period - Slapshot by Beau Bennett.
7:02 of 3rd period - Stopped by Christopher Gibson with a rebound.
7:04 of 3rd period - Slapshot by Ryan Parent.
7:04 of 3rd period - Stopped by Christopher Gibson without a rebound.
7:05 of 3rd period - Eric Staal wins face-off versus Bo Horvat in Flames zone.
7:12 of 3rd period - Mike Cammalleri is hit by Eric Staal and loses puck.
8:23 of 3rd period - John Klingberg is hit by Alexander Semin and loses puck.
8:48 of 3rd period - Wrist shot by JT Compher.
8:48 of 3rd period - Stopped by Christopher Gibson with a rebound.
9:25 of 3rd period - Wrist shot by Beau Bennett.
9:25 of 3rd period - Stopped by Christopher Gibson with a rebound.
9:27 of 3rd period - Snap shot by Bo Horvat.
9:27 of 3rd period - Shot Blocked by Erik Johnson.
9:41 of 3rd period - Minor Penalty to Erik Johnson for Interference.
9:42 of 3rd period - Patrik Berglund wins face-off versus Brayden Schenn in Flames zone.
10:21 of 3rd period - Wrist shot by Andre Burakovsky.
10:21 of 3rd period - Stopped by Christopher Gibson with a rebound.
11:41 of 3rd period - Penalty to Erik Johnson is over, Erik Johnson is back on ice.
11:58 of 3rd period - Ryan Parent is hit by Kyle Palmieri and loses puck.
12:13 of 3rd period - Ryan Parent is hit by Eric Staal.
13:16 of 3rd period - Minor Penalty to Patrice Cormier for Slashing.
13:17 of 3rd period - Patrik Berglund wins face-off versus Brayden Schenn in Maple Leafs zone.
15:16 of 3rd period - Penalty to Patrice Cormier is over, Patrice Cormier is back on ice.
15:33 of 3rd period - Slapshot by Brandon Saad.
15:33 of 3rd period - Goal by Brandon Saad - Flames : 5 - Maple Leafs : 2.
15:34 of 3rd period - Patrik Berglund wins face-off versus Andre Burakovsky in neutral zone.
15:45 of 3rd period - Patrik Berglund is hit by Evgeni Malkin and loses puck.
16:02 of 3rd period - Minor Penalty to Jon Merrill for Hooking.
16:03 of 3rd period - Scott Hartnell wins face-off versus Alexander Semin in Maple Leafs zone.
16:34 of 3rd period - Slapshot by Ryan Parent.
16:34 of 3rd period - Stopped by Christopher Gibson with a rebound.
18:02 of 3rd period - Penalty to Jon Merrill is over, Jon Merrill is back on ice.
18:30 of 3rd period - Icing by Bo Horvat.
18:31 of 3rd period - Bo Horvat wins face-off versus Anders Lee in Maple Leafs zone.
18:42 of 3rd period - Wrist shot by Brayden Schenn.
18:42 of 3rd period - Shot Blocked by Bryan Rust.
18:48 of 3rd period - Ryan Parent is hit by Bryan Rust and loses puck.
19:03 of 3rd period - Slapshot by David Backes.
19:03 of 3rd period - Goal by David Backes - Flames : 6 - Maple Leafs : 2.
19:04 of 3rd period - Evgeni Malkin wins face-off versus Eric Staal in neutral zone.
19:49 of 3rd period - Minor Penalty to Sami Vatanen for Hooking.
19:50 of 3rd period - Patrik Berglund wins face-off versus Brayden Schenn in Flames zone.
Goals for this period are 3 for Flames vs 1 for Maple Leafs.
Shots for this period are 7 for Flames vs 9 for Maple Leafs. Output by the SimonT Hockey Simulator (STHS) for Francois Prevost - Original Page W3C HTML5 Valid
Hockey Simulator - Hockey Simulation - Hockey Manager